 Dungeon Crawl Stone Soup version 0.24-a0-581-gc0fa6600bf (webtiles) character file.

Game seed: 2498569672513077414

81 Eightlegvermin the Bolt Thrower (level 4, -5/25 HPs)
             Began as a Kobold Arcane Marksman on Aug 23, 2019.
             Killed from afar by an orc wizard (9 damage)
             ... with a magic dart
             ... on level 3 of the Dungeon.
             The game lasted 00:08:03 (2248 turns).

Eightlegvermin the Bolt Thrower (KoAM)              Turns: 2248, Time: 00:08:04

Health: -5/25      AC:  4    Str:  7    XL:     4   Next: 68%
Magic:  5/5        EV: 14    Int: 14    God:
Gold:   65         SH:  0    Dex: 16    Spells: 4/5 levels left

rFire    . . .     SeeInvis .   a - +0 hand crossbow
rCold    . . .     Gourm    .   (shield restricted)
rNeg     . . .     Faith    .   t - +0 leather armour
rPois    .         Spirit   .   (no helmet)
rElec    .         Reflect  .   p - +0 cloak
rCorr    .         Harm     .   (no gloves)
MR       .....                  (no boots)
Stlth    ++........             (no amulet)
HPRegen  0.08/turn              (no ring)
MPRegen  0.09/turn              (no ring)

@: no status effects
A: small, carnivore
a: no special abilities


You were on level 3 of the Dungeon.
You were very full.

You visited 1 branch of the dungeon, and saw 3 of its levels.

You collected 65 gold pieces.

Inventory:

Hand Weapons
 a - a +0 hand crossbow (weapon)
 m - a +0 short sword
Missiles
 d - 4 bolts (quivered)
Armour
 e - a +0 robe
 p - a +0 cloak (worn)
 t - a +0 leather armour (worn)
Jewellery
 g - an uncursed ring of flight
 s - an uncursed ring of wizardry {unknown}
Scrolls
 c - a scroll of teleportation
 j - a scroll of identify
 l - a scroll of fear {unknown}
 n - 6 scrolls of remove curse
 o - a scroll of random uselessness {unknown}
 q - 2 scrolls of amnesia {unknown}
 r - a scroll of immolation {unknown}
Potions
 b - a potion of curing {unknown}
 h - 2 potions of agility
 i - a potion of lignification {unknown}
 k - a potion of magic {unknown}
Comestibles
 f - 3 rations
 u - 2 chunks of flesh


   Skills:
 - Level 1.1 Fighting
 + Level 2.3 Short Blades
 + Level 4.1 Crossbows
 - Level 2.4 Dodging
 - Level 3.0 Stealth
 - Level 1.1 Spellcasting
 - Level 3.0 Hexes


You had 4 spell levels left.
You knew the following spells:

 Your Spells              Type           Power        Failure   Level  Hunger
a - Corona                Hex            #......      12%         1    ##.....

Your spell library contained the following spells:

 Spells                   Type           Power        Failure   Level  Hunger
 Slow                     Hex            #.......     17%         2    ###....
 Inner Flame              Hex/Fire       #.......     54%         3    ####...
 Portal Projectile        Hex/Tloc       #.....       54%         3    ####...
 Cause Fear               Hex            #.........   75%         4    #####..
 Leda's Liquefaction      Hex/Erth       #.........   91%         4    #####..


Dungeon Overview and Level Annotations

Branches:
Dungeon (3/15)

Altars:
Gozag


Innate Abilities, Weirdness & Mutations

You are small and have problems with some larger weapons.
You are carnivorous and can eat meat at any time.


Message History

The puff of flame hits you.
Firing (i - inventory)
d - 6 bolts (quivered)
Press: ? - help, Shift-Dir - straight line, f/p - orc wizard
Aim: an orc wizard, wielding a -1 dagger and wearing a +0 robe (moderately wounded)
You shoot a bolt. The bolt hits the orc.
The orc is severely wounded.
The orc wizard points at you and mumbles some strange words.
The puff of flame hits you.
Firing (i - inventory)
d - 5 bolts (quivered)
Press: ? - help, Shift-Dir - straight line, f/p - orc
Aim: an orc, wielding a +0 flail (severely wounded)
You shoot a bolt.
The bolt hits the orc but does no damage.
The orc is severely wounded.
The orc wizard points at you and mumbles some strange words.
The puff of flame misses you. The orc hits you with a +0 flail!
* * * LOW HITPOINT WARNING * * *
The orc wizard casts a spell at you. The magic dart hits you!
You die...

..... #.# ###....## #.#.#
........# #.#.#
#...##.###########.#.####
#................)........
###........................
...........................
.##).......................
...............o@...........
###..........................
......).....(o..).............
..#...........................#
..............................#
....(.........................#
.(.(..........................#
.#.(....$.....................#
..............................#


You could see an orc wizard and an orc.

Vanquished Creatures
  3 adders (D:2)
  2 worms (D:2)
  3 dart slugs
  A leopard gecko (D:2)
  2 orcs (D:3)
  2 bats (D:1)
  2 giant cockroaches
  3 goblins
  6 hobgoblins
  3 jackals (D:1)
  A quokka (D:2)
  2 frilled lizards
  A kobold (D:2)
  10 rats
41 creatures vanquished.

Notes
Turn   | Place    | Note
-------+----------+-------------------------------------------
     0 | D:1      | Eightlegvermin the Kobold Arcane Marksman began the quest
                  | for the Orb.
     0 | D:1      | Reached XP level 1. HP: 12/12 MP: 2/2
    60 | D:1      | Reached skill level 1 in Stealth
   200 | D:1      | Reached XP level 2. HP: 16/16 MP: 3/3
   217 | D:1      | Reached skill level 3 in Crossbows
   967 | D:2      | Reached XP level 3. HP: 20/20 MP: 4/4
  1171 | D:2      | Reached skill level 1 in Short Blades
  1319 | D:2      | Reached XP level 4. HP: 25/25 MP: 2/5
  1859 | D:2      | Reached skill level 4 in Crossbows
  2098 | D:3      | Found an opulent altar of Gozag.
  2248 | D:3      | Killed from afar by an orc wizard

Levels and vault maps discovered:
D:1:      lightli_arrival_maybe_door_vault, layout_loops_corners
D:2:      layout_loops_corners, skrybe_limestone_x
D:3:      layout_basic, gammafunk_temple_overflow_elements, lemuel_round_altar,
          first_ration, chequers_ecumenical_altar_island,
          hangedman_feature_mirror, grunt_gozag_breadcrumbs

Skill      XL: |  1  2  3  4 |
---------------+-------------+-----
Stealth        | 1 2 3 |  3.0
Crossbows      | 3 4 |  4.1
Short Blades   | 1 2 |  2.3
Fighting       | |  1.1
Dodging        | |  2.4
Spellcasting   | |  1.1
Hexes          | |  3.0

Action                   |  1- 3 |  4- 6 || total
-------------------------+-------+-------++-------
Melee: Short sword       |    20 |    44 ||    64
 Fire: Hand crossbow     |    56 |    17 ||    73
 Cast: Corona            |     6 |    11 ||    17
  Use: Scroll            |     6 |       ||     6
 Stab: Sleeping          |       |     3 ||     3
  Eat: Chunk             |     5 |     7 ||    12
Armor: Robe              |     7 |     4 ||    11
       Leather armour    |       |     1 ||     1
Dodge: Dodged            |    34 |    35 ||    69

Table legend:
 A = Non-vault XP
 B = Vault XP
 C = Vault XP percentage of total XP
 D = Non-vault monster count
 E = Vault monster count
 F = Vault count percentage of total count
                 A         B        C        D         E       F
            +---------+---------+-------+---------+---------+-------
      Total |     116 |       1 |   0.9 |      40 |       1 |   2.4
            +---------+---------+-------+---------+---------+-------
        D:1 |      28 |       0 |   0.0 |      14 |       0 |   0.0
        D:2 |      80 |       0 |   0.0 |      23 |       0 |   0.0
        D:3 |       8 |       1 |  11.1 |       3 |       1 |  25.0
            +---------+---------+-------+---------+---------+-------
